[Event "Late-Titled-Tuesday-Blitz-November-28-2023"]
[Site "Chess.com"]
[Date "2023.11.28"]
[Round "2"]
[White "Alimpic"]
[Black "zivicd"]
[Result "1/2-1/2"]
[WhiteElo "2508"]
[BlackElo "2332"]
[TimeControl "180+1"]
[EndTime "14:17:43 PST"]
[Termination "Game drawn by repetition"]

1. d4 Nf6 2. Nf3 e6 3. g3 b6 4. Bg2 Bb7 5. O-O Be7 6. c4 O-O 7. Nc3 Ne4 8. Bd2 Nxc3 9. Bxc3 f5 10. Ne5 Bxg2 11. Kxg2 Bf6 12. Nf3 d6 13. Qd3 Nd7 14.
e4 g6 15. e5 dxe5 16. dxe5 Be7 17. Rad1 Nc5 18. Qe3 Qc8 19. Nd4 Qb7+ 20. f3 a5 21. Rd2 Rad8 22. Rfd1 Kg7 23. b3 h6 24. Kg1 g5 25. a3 Kf7 26. Bb2 Rfe8 27. b4 Na4 28.
Qb3 Nxb2 29. Rxb2 c5 30. bxc5 Bxc5 31. Rbd2 Rxd4 32. Rxd4 Rd8 33. Qe3 Rxd4 34. Rxd4 Bxd4 35. Qxd4 Qc6 36. f4 Kg6 37. Qd8 Qc5+ 38. Kg2 Qc6+ 39. Kh3 Qf3 40. Qf6+ Kh7 41. Qf7+ Kh8 42. Qf8+ Kh7 43.
Qf7+ Kh8 44. Qf6+ Kh7 45. Qe7+ Kh8 46. Qd8+ Kh7 47. Qd7+ Kh8 48. Qe8+ Kh7 49. Qe7+ Kh8 50. fxg5 Qg4+ 51. Kg2 Qe2+ 52. Kg1 Qe1+ 53. Kg2 Qe2+ 54. Kh3 Qg4+ 55. Kg2 Qe2+ 1/2-1/2

[Event "Late-Titled-Tuesday-Blitz-November-28-2023"]
[Site "Chess.com"]
[Date "2023.11.28"]
[Round "2"]
[White "ural58"]
[Black "acertijo08"]
[Result "1-0"]
[WhiteElo "2487"]
[BlackElo "2282"]
[TimeControl "180+1"]
[EndTime "14:17:45 PST"]
[Termination "ural58 won by resignation"]

1. e4 e5 2. Nf3 Nc6 3. Bc4 Bc5 4.
b4 Bxb4 5. c3 Ba5 6. d4 exd4 7.
Qb3 Qe7 8. O-O Bb6 9. Bg5 Na5 10. Qa4 f6 11. Bxg8 Rxg8 12. Bd2 d3 13. c4 Nc6 14. Nc3 d6 15. Nd5 Qf7 16. Nxb6 cxb6 17. Bf4 Qe6 18.
Rad1 Bd7 19. Qa3 Ne5 20. Bxe5 dxe5 21. Rxd3 Bc6 22. Nd2 Kf7 23. Rd6 Qe7 24. c5 bxc5 25.
Nc4 Rgd8 26. Rfd1 Rxd6 27. Nxd6+ Kg8 28. Qxc5 Rd8 29. f3 a6 30. h4 h5 31. Kh2 Kh7 32.
g3 g6 33. Rd2 Qe6 34. Qb4 Rd7 35. a4 Qe7 36. a5 Qe6 37. Qc5 Qb3 38. Kg2 Qe6 39.
Kf2 Qb3 40. Qe3 Qxe3+ 41. Kxe3 Kg7 42. g4 hxg4 43. fxg4 Kf8 44. h5 gxh5 45. gxh5 Rh7 46. Rh2 Bd7 47. h6 Bc6 48. Nf5 Bd7 49. Nd6 Bc6 50.
Rh5 Ke7 51. Nf5+ Kd7 52. Rh2 Kc7 53. Rg2 Rh8 54. Rg7+ Bd7 55. h7 Kc6 56. Ne7+ Kd6 57. Ng6 Rc8 58. h8=Q Rc3+ 59. Kd2 1-0

[Event "Late-Titled-Tuesday-Blitz-November-28-2023"]
[Site "Chess.com"]
[Date "2023.11.28"]
[Round "2"]
[White "becemix"]
[Black "Dinamo81"]
[Result "0-1"]
[WhiteElo "2379"]
[BlackElo "2689"]
[TimeControl "180+1"]
[EndTime "14:17:49 PST"]
[Termination "Dinamo81 won by resignation"]

1. e4 c5 2. d4 cxd4 3. c3 dxc3 4. Nxc3 Nc6 5. Nf3 d6 6. Bc4 a6 7. O-O Nf6 8. Bg5 e6 9. Qe2 b5 10. Bb3 Ra7 11. Rfd1 Rd7 12. Rac1 Bb7 13. Nxb5 axb5 14. Qxb5 Na7 15. Qa4 Nc8 16. e5 h6 17. Bh4 g5 18.
exf6 gxh4 19. Qxh4 Rg8 20. Rc3 Nb6 21. Re3 Rg6 22. Bxe6 fxe6 23. Qh5 Qxf6 24. Nh4 Rg7 25.
Rg3 Kf7 26. Nxg6 Rxg6 27. Qb5 Rxg3 28. hxg3 Qd8 29. a4 Bd5 30. a5 Na8 31. Rxd5 exd5 32. Qxd5+ Ke7 33. b4 Nc7 34. Qe4+ Kd7 35. Qf5+ Kc6 36. a6 Nxa6 37. b5+ Kb6 38. bxa6 Kxa6 39. g4 Kb7 40. Qd5+ Kc7 41. f4 Qf6 42. g3 Qa1+ 43. Kh2 Qb2+ 44. Kh3 Qf6 45. g5 hxg5 46. fxg5 Qg6 47.
Kg4 Kd7 48. Qb7+ Ke6 49. Qc8+ Ke7 50. Qb7+ Ke8 51. Qc8+ Kf7 52. Qc4+ Kg7 53. Qd4+ Kg8 54. Qd5+ Qf7 55. Qc6 Be7 56. Qc8+ Kg7 57. Qc3+ Kh7 58.
Qc2+ Qg6 59. Qh2+ Kg8 60. Qe2 Qf7 61. Qe4 d5 62. Qe5 Bf8 63. Kh4 Qh7+ 64. Kg4 Qd7+ 65. Kh4 d4 66. g6 Qe7+ 67. Qxe7 Bxe7+ 68. Kg4 Kg7 69. Kf5 Bf6 0-1

[Event "Late-Titled-Tuesday-Blitz-November-28-2023"]
[Site "Chess.com"]
[Date "2023.11.28"]
[Round "2"]
[White "Hikaru"]
[Black "SaqoChess_Twitch"]
[Result "1-0"]
[WhiteElo "3220"]
[BlackElo "2635"]
[TimeControl "180+1"]
[EndTime "14:17:50 PST"]
[Termination "Hikaru won by resignation"]

1. g3 d5 2. Bg2 e6 3. d3 Nf6 4.
Nd2 Be7 5. e4 dxe4 6. dxe4 e5 7.
Ngf3 Nc6 8. O-O O-O 9. c3 a5 10. a4 Be6 11. Qe2 Bc5 12. Nc4 Nd7 13. Ng5 Bxc4 14.
Qxc4 Qe7 15. h4 Nb6 16. Qe2 Rad8 17. Bh3 h6 18. Nf3 Rd6 19. h5 Rfd8 20. Nh4 Rd3 21.
Kh2 Qf8 22. Nf5 Ne7 23. Nd4 R3xd4 24. cxd4 Bxd4 25. Ra2 Nc6 26. b3 Qb4 27. Qc2 Bc3 28. Ba3 Qd4 29. Qe2 Bb4 30. Bc1 Qd3 31. Be3 Qxb3 32.
Bxb6 cxb6 33. Rc1 Nd4 34. Rd1 Nf3+ 35. Qxf3 Qxd1 36. Qxd1 Rxd1 37. Rc2 Rd8 38. Rc7 Bc5 39. f3 Rd2+ 40. Kh1 Rd1+ 41. Kh2 Rd2+ 42. Bg2 Rd4 43. Rxb7 Rxa4 44. Bf1 Ra2+ 45. Kh3 Rc2 46. Bb5 g6 47. hxg6 fxg6 48. f4 exf4 49. gxf4 Be3 50. Kg3 h5 51. e5 h4+ 52. Kf3 Bc1 53. e6 Ba3 54. e7 Bxe7 55. Rxe7 h3 56. Re1 h2 57. Kg3 Kg7 58. Rb1 Rc3+ 59.
Kxh2 Rc5 60. Kg3 g5 61. Kg4 gxf4 62. Kxf4 Kf6 63. Ke4 Ke6 64. Kd4 Kd6 65. Bc4 Rh5 66.
Rxb6+ Kc7 67. Rg6 a4 68. Bd5 a3 69. Kc5 Rh7 70. Ra6 Kd8 71. Ra8+ Ke7 72. Ra7+ Kf6 73. Rxh7 a2 74. Bxa2 1-0

[Event "Late-Titled-Tuesday-Blitz-November-28-2023"]
[Site "Chess.com"]
[Date "2023.11.28"]
[Round "2"]
[White "Hrant_ChessMood"]
[Black "chrisclaireredfield"]
[Result "1-0"]
[WhiteElo "2941"]
[BlackElo "2571"]
[TimeControl "180+1"]
[EndTime "14:17:51 PST"]
[Termination "Hrant_ChessMood won on time"]

1. Nf3 c5 2. c4 Nc6 3. Nc3 e5 4. e3 Nf6 5. d4 cxd4 6. exd4 e4 7. Ne5 Bb4 8. Be2 Qa5 9. Nxc6 dxc6 10. Bd2 O-O 11.
O-O Rd8 12. a3 Bxc3 13. Bxc3 Qg5 14. Qc1 Qg6 15. Qf4 Bf5 16. Rfe1 h5 17. a4 Rd7 18. a5 a6 19. Bf1 Rad8 20. Re3 Qg4 21. Qxg4 hxg4 22. Rae1 Nh5 23. g3 Nf6 24. Bg2 Kh7 25. b4 Kg6 26. Rb1 Rd6 27. Ba1 R6d7 28. Bf1 Rd6 29.
Be2 Rh8 30. Bd1 Rdd8 31. Bc2 Rh3 32. Kg2 Rdh8 33. Rh1 Rd8 34. Ree1 Rdh8 35. Bc3 Rd8 36. Rd1 Nh7 37. d5 cxd5 38. Rxd5 Rxd5 39. cxd5 Ng5 40. Bd2 Nf3 41. Be3 Rh8 42. d6 f6 43. Bb6 Kf7 44.
Bb3+ Be6 45. Ba4 Ne5 46. Rd1 Bd7 47. Bb3+ Kg6 48. Bd5 f5 49. Bxb7 Nf3 50. Rh1 Kf6 51. Bxa6 Ke6 52. Bc4+ Kxd6 53. b5 Ke5 54. Be3 g5 55. a6 f4 56. Bb6 Kf5 57. a7 e3 58.
fxe3 fxe3 59. Bxe3 Ke4 60. Bf2 1-0

[Event "Late-Titled-Tuesday-Blitz-November-28-2023"]
[Site "Chess.com"]
[Date "2023.11.28"]
[Round "2"]
[White "C_K_G"]
[Black "inagreV"]
[Result "0-1"]
[WhiteElo "2183"]
[BlackElo "2439"]
[TimeControl "180+1"]
[EndTime "14:17:55 PST"]
[Termination "inagreV won on time"]

1. e4 c6 2. Nf3 d5 3. Nc3 Nf6 4.
e5 Ne4 5. d4 Bf5 6. Bd3 e6 7.
O-O Bg6 8. Bxe4 dxe4 9. Ng5 c5 10.
d5 Be7 11. dxe6 Bxg5 12. exf7+ Kxf7 13. Bxg5 Qxg5 14. Qd5+ Ke7 15. Qxc5+ Ke8 16. Nd5 Nd7 17. Nc7+ Kd8 18. Qd6 Qxe5 19. Qxe5 Nxe5 20. Nxa8 Kd7 21.
Rad1+ Kc6 22. f3 Rxa8 23. fxe4 Re8 24. Rfe1 Re6 25. b3 Ng4 26. Rd4 Nf6 27. e5 Ne8 28.
Re3 b5 29. Rc3+ Kb6 30. Rd5 Be4 31. Rdc5 Rg6 32. g3 Rc6 33. Rxc6+ Bxc6 34. Re3 Bd5 35. Kf2 Nc7 36. Ke2 Kc5 37. Kd2 Ne6 38. c3 a5 39. a3 Bxb3 40. Rf3 Kd5 41. Rf7 Kxe5 42. Rb7 Bc4 43. Ra7 a4 44. Ke3 Kf6 45.
h4 h5 46. Ke4 Nc5+ 47. Kd4 Nb3+ 48. Ke4 Nd2+ 49. Kf4 g6 50. Ra6+ Be6 51. Rb6 Nb1 52.
Rxb5 Nxc3 53. Ra5 Bd7 54. Ra6+ Be6 55. Ra5 Nd5+ 0-1

[Event "Late-Titled-Tuesday-Blitz-November-28-2023"]
[Site "Chess.com"]
[Date "2023.11.28"]
[Round "2"]
[White "giomar27"]
[Black "Yushko_Olga"]
[Result "1-0"]
[WhiteElo "2428"]
[BlackElo "2136"]
[TimeControl "180+1"]
[EndTime "14:17:56 PST"]
[Termination "giomar27 won on time"]

1. e4 e6 2. d3 d5 3. Nd2 Nf6 4. Ngf3 Be7 5. g3 O-O 6. Bg2 c5 7. O-O Nc6 8. Re1 Qc7 9. Nf1 dxe4 10. dxe4 Rd8 11. Qe2 Nd4 12. Nxd4 cxd4 13. Bg5 Bd7 14. Bxf6 Bxf6 15. e5 Be7 16. Rac1 Bc6 17. Nd2 Bxg2 18.
Kxg2 Rac8 19. Nf3 Qb6 20. b3 Rc3 21. Rcd1 Qc6 22. Rd2 Bb4 23. Red1 Bc5 24. Rd3 Bb6 25. Rxc3 Qxc3 26. Qd3 Qc6 27. Kg1 Rc8 28. Nxd4 Bxd4 29. Qxd4 h6 30. c4 Qa6 31. a4 Qa5 32. Qd7 Rc7 33.
Qd8+ Kh7 34. Kg2 Qc5 35. Qd3+ Kg8 36. Qd6 Qa5 37. b4 Qb6 38. c5 Qc6+ 39. Qxc6 Rxc6 40. Rd8+ Kh7 41. Rd7 b6 42. Rxa7 bxc5 43. b5 Rb6 44. Rxf7 Rb8 45. Rc7 Ra8 46. Rxc5 Rxa4 47. Rc6 Rb4 48. Rb6 Kg8 49. Rb7 Kf8 50. f4 Kg8 51. h4 Kh7 52. Kf3 Kg6 53. b6 Kf5 54.
g4+ Kg6 55. h5+ Kh7 56. f5 Rb3+ 57. Ke2 exf5 58. gxf5 Rb5 59. e6 Rxf5 60. e7 Re5+ 61. Kf3 Rf5+ 62. Ke4 Rf1 63. Kd5 Rd1+ 64. Ke6 Re1+ 65.
Kf7 Rf1+ 66. Ke8 Re1 67. Rd7 Ra1 68. b7 1-0

[Event "Late-Titled-Tuesday-Blitz-November-28-2023"]
[Site "Chess.com"]
[Date "2023.11.28"]
[Round "2"]
[White "mr_gustavo"]
[Black "FairChess_on_YouTube"]
[Result "1/2-1/2"]
[WhiteElo "2635"]
[BlackElo "3080"]
[TimeControl "180+1"]
[EndTime "14:18:00 PST"]
[Termination "Game drawn by repetition"]

1. d4 d5 2. c4 c6 3. Nf3 Nf6 4. Nc3 a6 5. g3 b5 6. c5 g6 7. Bg2 Bg7 8. O-O O-O 9. Ne5 Nfd7 10. Nxd7 Nxd7 11. e4 dxe4 12. Nxe4 Bb7 13. Bg5 h6 14. Be3 Nf6 15. Nxf6+ Bxf6 16. Bxh6 Qxd4 17. Bxf8 Kxf8 18. Rc1 a5 19. Rc2 Rd8 20. Qe2 b4 21. Bf3 Kg7 22.
Rd1 Qxd1+ 23. Qxd1 Rxd1+ 24. Bxd1 Bd4 25. Kf1 e5 26.
Be2 Bc8 27. Bf3 Bd7 28. Ke2 f5 29. Kd3 Kf6 30. Bg2 a4 31. f4 Bg1 32. fxe5+ Kxe5 33. h3 g5 34. Re2+ Kf6 35. Kc4 b3 36. axb3 axb3 37. Rd2 Ke7 38. h4 f4 39. h5 Be3 40.
h6 Be6+ 41. Kd3 Bf5+ 42. Be4 Bxd2 43. Bxf5 Bc1 44. Kc3 Kf6 45. gxf4 gxf4 46. Kxb3 f3 47. Bd3 Bxh6 48. Bf1 Ke5 49. Kc4 Bd2 50. b4 Ke4 51. Bh3 Bf4 52. Bf1 Ke3 53. b5 cxb5+ 54. Kxb5 Kf2 55. Bc4 Ke1 56. c6 f2 57. Bd3 Kd2 58.
Bc4 Kc3 59. Bf1 Bc7 60. Bh3 Kd4 61. Ka6 Kc5 62. Kb7 Kd6 63. Bf1 Bd8 64. Be2 Ba5 65. Bf1 Bc7 66. Be2 Bd8 67. Bf1 Bc7 68. Be2 Bd8 69.
Bf1 Bc7 1/2-1/2

[Event "Late-Titled-Tuesday-Blitz-November-28-2023"]
[Site "Chess.com"]
[Date "2023.11.28"]
[Round "2"]
[White "TrenerChos"]
[Black "joppie2"]
[Result "0-1"]
[WhiteElo "2592"]
[BlackElo "3006"]
[TimeControl "180+1"]
[EndTime "14:18:00 PST"]
[Termination "joppie2 won by resignation"]

1. Nf3 d5 2. b3 Nc6 3. Bb2 Bg4 4. e3 e5 5. h3 Bxf3 6. Qxf3 a6 7. d3 Nf6 8. Qe2 h5 9. Nd2 Bd6 10. g3 Qe7 11.
Bg2 Ba3 12. Bxa3 Qxa3 13. O-O O-O 14. c4 Rad8 15. cxd5 Nxd5 16. Nc4 Qe7 17. Qxh5 b5 18.
Nd2 Ncb4 19. Ne4 Nxd3 20. Rfd1 Nf6 21. Qh4 Rfe8 22. Nxf6+ Qxf6 23. Qxf6 gxf6 24. Bc6 Re6 25. Be4 Red6 26. Bxd3 Rxd3 27. Rdc1 R8d7 28. Rc6 R3d6 29.
Rac1 Kg7 30. Rxc7 Rxc7 31. Rxc7 Rd2 32. a4 Rb2 33. Rc3 bxa4 34. bxa4 Rb4 35. Ra3 a5 36. Kg2 f5 37. h4 Kg6 38. Ra1 Kh5 39. Rd1 Rxa4 40.
Rd7 f6 41. Rg7 Rc4 42. f3 a4 43. Ra7 Rb4 44. Kh3 Rc4 45. Ra6 Kg6 46. Kg2 Rc2+ 47.
Kh3 Rf2 48. e4 f4 49. gxf4 Rxf3+ 50. Kg2 Rxf4 51. Rxa4 Kh5 52. Kg3 f5 53. Ra8 Rxe4 54. Rg8 Re3+ 55. Kf2 f4 56. Rh8+ Kg4 57. h5 Rh3 58. h6 Kf5 59. h7 Ke4 60. Kg2 Rh6 61. Kf2 Rh5 62. Ke2 Rh2+ 63. Kf1 f3 64. Kg1 Rh6 65. Kf2 Rh5 66. Kf1 Ke3 67. Kg1 f2+ 68.
Kg2 Rg5+ 0-1

[Event "Late-Titled-Tuesday-Blitz-November-28-2023"]
[Site "Chess.com"]
[Date "2023.11.28"]
[Round "2"]
[White "carloseduar100"]
[Black "ATM622"]
[Result "0-1"]
[WhiteElo "2262"]
[BlackElo "2484"]
[TimeControl "180+1"]
[EndTime "14:18:00 PST"]
[Termination "ATM622 won by resignation"]

1. e4 c6 2. Nf3 d5 3. Nc3 dxe4 4. Nxe4 Bg4 5. Bc4 Nf6 6. Neg5 e6 7. Qe2 Nd5 8. h3 Bh5 9. d4 Be7 10. O-O b5 11. Bxd5 Qxd5 12. Qe5 f6 13. Qxd5 exd5 14.
Ne6 Kd7 15. Nf4 Bf7 16. Re1 Na6 17. c3 g5 18. Nd3 h5 19. a4 b4 20. cxb4 Bxb4 21.
Bd2 Bxd2 22. Nxd2 Rhe8 23. b4 Rab8 24. Rxe8 Bxe8 25. b5 Nc7 26. Nc5+ Kd6 27. bxc6 Bxc6 28. Rc1 Rb2 29. Nf1 a5 30. Ne3 Bd7 31. Nd1 Rb4 32.
Nc3 Rxd4 33. Nxd7 Kxd7 34. Rb1 Rc4 35. Rb3 g4 36. hxg4 hxg4 37. Nb5 Rxa4 38. Nc3 Rc4 39. Na2 f5 40. g3 a4 41. Ra3 Nb5 42. Rd3 Kc6 43.
Kg2 d4 44. Rd2 Nc3 45. Nc1 Ne4 46. Rd1 Rc2 47. Nd3 Kb5 48. Rb1+ Ka5 49. Ne1 Rxf2+ 50. Kg1 Rd2 51. Ng2 Nxg3 52. Nf4 Ne2+ 53. Nxe2 Rxe2 54.
Kf1 d3 55. Rc1 a3 56. Ra1 Kb4 57. Kg1 a2 58. Kf1 Rb2 0-1

[Event "Late-Titled-Tuesday-Blitz-November-28-2023"]
[Site "Chess.com"]
[Date "2023.11.28"]
[Round "2"]
[White "Likvidator228"]
[Black "Angry_Twin"]
[Result "0-1"]
[WhiteElo "2574"]
[BlackElo "2942"]
[TimeControl "180+1"]
[EndTime "14:18:01 PST"]
[Termination "Angry_Twin won by checkmate"]

1. d4 Nf6 2. Nf3 d5 3. Bf4 c5 4. e3 Nc6 5. Nbd2 cxd4 6. exd4 Bg4 7. c3 g6 8. h3 Bxf3 9. Nxf3 Bg7 10. Bd3 O-O 11. O-O e6 12. Re1 a6 13. a4 Rc8 14.
Qe2 Na5 15. Ne5 Nd7 16. Nxd7 Qxd7 17. Be5 f6 18. Bg3 Rfe8 19. h4 e5 20. dxe5 fxe5 21. h5 e4 22. Bc2 Nc4 23. hxg6 hxg6 24. Bb3 Qf5 25. Bxc4 Rxc4 26. a5 Qg5 27. Rad1 e3 28. Qf3 Rce4 29. Kh2 e2 30. Rd3 d4 31. cxd4 Bxd4 32.
Rb3 Qh5+ 33. Qxh5 gxh5 34. f3 R4e7 35. Bf4 Bf2 36. Bg3 Bxe1 37. Bxe1 Rd7 38. Kg3 Re5 39. Kf2 Rde7 40. Rb6 R5e6 41. Rb4 Kf7 42. Rf4+ Kg6 43. Rd4 Re5 44. Rd6+ R7e6 45. Rd7 Rb5 46. b4 Rbe5 47. Rxb7 Rd5 48. Rc7 h4 49. Rc4 Kh5 50. Kg1 h3 51. gxh3 Kg5 52. h4+ Kf5 53. Kf2 Rde5 54.
Rg4 Re3 55. Rg5+ Kf6 56. Rh5 Kf7 57. b5 axb5 58. Rxb5 Rd3 59. Rf5+ Kg6 60. Rg5+ Kh6 61. Rb5 Ree3 62. Rf5 Kg6 63. Rf4 Ra3 64. Re4 Rxf3+ 65. Kxe2 Rh3 66. Re6+ Kf5 67. Rd6 Rh2+ 68. Kf1 Raa2 69.
Rd4 Rh1# 0-1

[Event "Late-Titled-Tuesday-Blitz-November-28-2023"]
[Site "Chess.com"]
[Date "2023.11.28"]
[Round "2"]
[White "KejJaj"]
[Black "grandemestregringo"]
[Result "0-1"]
[WhiteElo "2181"]
[BlackElo "2641"]
[TimeControl "180+1"]
[EndTime "14:18:04 PST"]
[Termination "grandemestregringo won on time"]

1. d4 f5 2. e4 fxe4 3. Nc3 Nf6 4. Bg5 Nc6 5. d5 Ne5 6. Qe2 Nf7 7. Bxf6 exf6 8.
Nxe4 Qe7 9. d6 Nxd6 10. Nxd6+ cxd6 11. O-O-O Qxe2 12. Nxe2 b6 13. Nc3 Bb7 14. f3 O-O-O 15. Nb5 a6 16. Nxd6+ Bxd6 17. Rxd6 Kc7 18. Rd4 Rhe8 19.
Bd3 h6 20. Bf5 Re5 21. Bd3 Rg5 22. Bf1 Re8 23. h4 Rg3 24. Kd2 Re5 25. Rc4+ Kb8 26.
Rd4 Kc7 27. Rc4+ Bc6 28. Rg4 Rxg4 29. fxg4 Re4 30. Be2 Rb4 31. b3 Rd4+ 32. Kc3 Rf4 33. Bxa6 b5 34. a4 bxa4 35. bxa4 Rxa4 36. Be2 Bxg2 37.
Rd1 Bf3 38. Bxf3 Ra3+ 39. Kd4 Rxf3 40. Rg1 Rh3 41. h5 Kd6 42. c4 Ke6 43. Re1+ Kf7 44. Kd5 Rg3 45. Re4 Rd3+ 46. Kc5 f5 47. gxf5 Kf6 48.
Rg4 Rf3 49. Rg6+ Kf7 50. Rd6 Rxf5+ 51. Rd5 Rxd5+ 52. Kxd5 Ke7 53. Ke5 d6+ 54. Kf5 Kf7 55. Ke4 Ke6 56. Kf4 Kf6 57. Ke4 g5 58. hxg6 h5 59.
Kd5 h4 60. Kxd6 h3 61. c5 h2 62. c6 h1=Q 63. c7 Qd1+ 64. Kc6 Qc2+ 65. Kb7 Qb3+ 66. Ka8 Qa4+ 67. Kb8 Qb5+ 68. Ka8 Qc6+ 0-1

[Event "Late-Titled-Tuesday-Blitz-November-28-2023"]
[Site "Chess.com"]
[Date "2023.11.28"]
[Round "2"]
[White "GMForgacs"]
[Black "campochess"]
[Result "1-0"]
[WhiteElo "2456"]
[BlackElo "2214"]
[TimeControl "180+1"]
[EndTime "14:18:04 PST"]
[Termination "GMForgacs won on time"]

1. a3 d5 2. Nf3 Nf6 3. g3 g6 4. Bg2 Bg7 5. d3 O-O 6. O-O c6 7. Nbd2 Nfd7 8. e4 dxe4 9. dxe4 Nc5 10. Qe2 a5 11. c3 a4 12. Rd1 Qc7 13. Nc4 b5 14. Bf4 Qa7 15. Ncd2 Be6 16. Be3 Nbd7 17. Nd4 Qa6 18. f4 Bc4 19. Nxc4 bxc4 20. e5 Nd3 21. Nxc6 Rfe8 22. Nd4 Rac8 23. Bd5 Nb6 24. Be4 Nc5 25. Bg2 Red8 26. h4 Nd5 27. Bf2 e6 28. Rd2 Nb3 29.
Nxb3 axb3 30. Rad1 Qb5 31. Bxd5 Rxd5 32. Rxd5 exd5 33.
e6 Qe8 34. exf7+ Qxf7 35. Qf3 Rd8 36. Bd4 Bf8 37. Be5 Qb7 38. Kh2 Bc5 39. Bd4 Bf8 40. f5 Qf7 41. Rf1 Re8 42. a4 gxf5 43. Qxf5 Re2+ 44.
Kh3 Qxf5+ 45. Rxf5 Rxb2 46. Rxd5 Ra2 47. Rg5+ Kf7 48. a5 b2 49. Rb5 Rxa5 50. Rxb2 Rd5 51.
Rf2+ Kg8 52. g4 Bg7 53. Bxg7 Kxg7 54. Kg3 Rd1 55. Rf4 Rd3+ 56. Rf3 Rd1 57. h5 h6 58. Re3 Rf1 59. Re4 Rg1+ 60. Kf4 Rf1+ 61. Ke5 Rd1 62. Rxc4 Re1+ 63. Kf5 Rf1+ 64. Rf4 Rc1 65. c4 Kf7 66. Rd4 Rf1+ 67. Ke4 Re1+ 68. Kf4 Rf1+ 69. Ke3 1-0

[Event "Late-Titled-Tuesday-Blitz-November-28-2023"]
[Site "Chess.com"]
[Date "2023.11.28"]
[Round "2"]
[White "stolencandy13"]
[Black "K_A_S_T_O_R"]
[Result "0-1"]
[WhiteElo "2551"]
[BlackElo "2895"]
[TimeControl "180+1"]
[EndTime "14:18:08 PST"]
[Termination "K_A_S_T_O_R won by resignation"]

1. d4 Nf6 2. Bf4 c5 3. e3 Qb6 4. Nc3 cxd4 5. exd4 d6 6. Rb1 g6 7. Nf3 Bg7 8. Bc4 O-O 9. O-O Bg4 10. Be3 Nbd7 11.
h3 Bxf3 12. Qxf3 a6 13. Rfe1 Rac8 14. Bb3 e6 15. Rbd1 d5 16. h4 Qc6 17. Bf4 Nb6 18. Be5 Nfd7 19. Bxg7 Kxg7 20. h5 Qc7 21. Qe3 Qd8 22.
g3 Qf6 23. Kg2 g5 24. h6+ Qxh6 25. Rh1 Qg6 26. Rh2 h6 27. Rdh1 Rh8 28. Rh5 Nf6 29. R5h3 Nbd7 30. Ba4 b5 31. Bb3 h5 32. f3 g4 33. Rh4 Qf5 34. Ne2 a5 35. c3 b4 36.
Nf4 bxc3 37. bxc3 Nb6 38. Nxh5+ Rxh5 39. Rxh5 Nxh5 40. fxg4 Qxg4 41. Bd1 Qxg3+ 42. Qxg3+ Nxg3 43. Kxg3 Rxc3+ 44. Kf4 Rd3 45. Rg1+ Kf8 46. Bh5 Nc4 47. Rb1 Rxd4+ 48. Kg5 Rd2 49. Rb7 Rg2+ 50. Kf6 Rf2+ 51. Kg5 Kg7 52. a4 Nd6 53. Ra7 Ne4+ 54. Kh4 Rf4+ 55.
Kh3 Nc5 56. Bg4 Nxa4 57. Bxe6 Nc3 58. Kg3 Rf6 59. Bd7 Ne4+ 60. Kg2 Rf2+ 61. Kg1 Ra2 62. Be8 Ng5 63. Bc6 d4 64. Bd5 Ra1+ 65. Kg2 Kf6 66. Rd7 Ke5 67. Bxf7 Nxf7 68. Rxf7 d3 69. Rd7 Ke4 70. Kf2 a4 71. Re7+ Kd4 72. Rd7+ Kc3 73.
Ke3 Re1+ 74. Kf2 d2 75. Rc7+ Kb4 76. Rb7+ Kc5 77. Re7 Rxe7 0-1

[Event "Late-Titled-Tuesday-Blitz-November-28-2023"]
[Site "Chess.com"]
[Date "2023.11.28"]
[Round "2"]
[White "mistrzemi"]
[Black "NowInChess"]
[Result "1/2-1/2"]
[WhiteElo "2432"]
[BlackElo "2194"]
[TimeControl "180+1"]
[EndTime "14:18:09 PST"]
[Termination "Game drawn - insufficient material"]

1. e4 e6 2. d4 d5 3. e5 c5 4. Nf3 Nc6 5. Bd3 cxd4 6. O-O f6 7. Re1 fxe5 8. Nxe5 Nf6 9. Nxc6 bxc6 10. Nd2 Bd6 11. Nf3 O-O 12. Ne5 Qc7 13. Bf4 Ne4 14. Bxe4 Rxf4 15.
Bxh7+ Kxh7 16. Qh5+ Kg8 17. Ng6 Rf6 18. Rad1 Bxh2+ 19.
Kh1 Bd6 20. Rxd4 Rxg6 21. Qxg6 Qf7 22. Qg5 Bd7 23. Re2 e5 24. Ra4 e4 25. Qh4 Qf4 26. Qxf4 Bxf4 27. f3 Bf5 28. Ra6 exf3 29. gxf3 d4 30.
Rxc6 Be3 31. c3 Rd8 32. cxd4 Bxd4 33. Rd2 Bf6 34. Rxf6 Rxd2 35. Rxf5 Rxb2 36. Ra5 Rb7 37. Kg2 Kf7 38. Ra6 Ke7 39. Kg3 Kf7 40. Kg4 Ke7 41.
f4 Kf7 42. f5 Rb4+ 43. Kg5 Rb7 44. a4 Rc7 45. a5 Rb7 46. Rd6 Rc7 47. a6 Re7 48. Rd8 Rd7 49. Rb8 Rc7 50. Rb7 Re7 51. Kf4 Kf6 52. Rxe7 Kxe7 53. Ke5 Kf7 54. Kd6 Kf6 55.
Kc7 Kxf5 56. Kb7 g5 57. Kxa7 g4 58. Kb7 g3 59. a7 g2 60. a8=Q g1=Q 61. Qf8+ Ke4 62.
Qe7+ Kf3 63. Qf6+ Kg2 64. Kc6 Qc1+ 65. Kd5 Qd1+ 66. Ke6 Qf1 67. Qh4 Qf2 68. Qxf2+ Kxf2 1/2-1/2

[Event "Late-Titled-Tuesday-Blitz-November-28-2023"]
[Site "Chess.com"]
[Date "2023.11.28"]
[Round "2"]
[White "Maxfan2008"]
[Black "DuleMudule"]
[Result "0-1"]
[WhiteElo "2546"]
[BlackElo "2860"]
[TimeControl "180+1"]
[EndTime "14:18:13 PST"]
[Termination "DuleMudule won by checkmate"]

1. d4 d5 2. c4 Nc6 3. e3 e5 4. dxe5 d4 5. a3 a5 6. Nf3 Bg4 7. Be2 dxe3 8. Qxd8+ Rxd8 9. Bxe3 Nge7 10. Nbd2 Nf5 11.
Bg5 Be7 12. Bxe7 Kxe7 13. O-O-O Nfd4 14. Nxd4 Rxd4 15. Bxg4 Rxg4 16. g3 Rd4 17. b3 a4 18.
Nf3 Rxd1+ 19. Rxd1 axb3 20. Kb2 Na5 21. Rd5 Nxc4+ 22. Kxb3 Nb6 23. Rc5 c6 24. Nd4 g6 25.
f4 Rd8 26. Nf3 Rd1 27. Rc2 Nd5 28. Rd2 Rb1+ 29. Kc2 Rb6 30. Ng5 Ra6 31. Rd3 h5 32. Ne4 b5 33. Nc5 Ra7 34. Kb3 Nb6 35. h3 Nd5 36.
Rd4 Ra8 37. g4 hxg4 38. hxg4 Rh8 39. f5 Rh3+ 40. Rd3 Rh4 41. f6+ Ke8 42. Rd4 Rh3+ 43.
Rd3 Rh2 44. g5 Rh5 45. Rg3 Rh4 46. e6 fxe6 47. Nxe6 Re4 48. Nc5 Re5 49. Nd3 Rf5 50. a4 bxa4+ 51. Kxa4 Kf7 52. Kb3 Nc7 53. Kc4 Ne6 54.
Re3 Nxg5 55. Ne5+ Kxf6 56. Nxc6 Ne6 57. Nb4 Rf4+ 58. Kc3 Kf5 59. Nd3 Rf1 60. Re5+ Kf6 61. Ra5 g5 62. Kd2 g4 63. Ke2 Rf3 64. Ra6 Kf5 65. Nf2 Nd4+ 66. Ke1 g3 67. Ra5+ Kf4 68. Nd1 g2 69. Ra8 g1=Q+ 70. Kd2 Qg2+ 71. Kc1 Qc2# 0-1

[Event "Late-Titled-Tuesday-Blitz-November-28-2023"]
[Site "Chess.com"]
[Date "2023.11.28"]
[Round "2"]
[White "nindjaxx8"]
[Black "Cidonka"]
[Result "0-1"]
[WhiteElo "2470"]
[BlackElo "2283"]
[TimeControl "180+1"]
[EndTime "14:18:18 PST"]
[Termination "Cidonka won on time"]

1. d4 d5 2. c4 e6 3. Nc3 c5 4.
e3 Nf6 5. Nf3 a6 6. cxd5 exd5 7. a3 Nc6 8. Be2 Be7 9. O-O O-O 10.
dxc5 Bxc5 11. b4 Ba7 12. Bb2 Re8 13. Rc1 Bg4 14. h3 Bh5 15. Na4 Rc8 16. Nc5 Bxc5 17. Rxc5 Bg6 18. Bxf6 Qxf6 19. Qxd5 Qb2 20. Bxa6 bxa6 21.
Rxc6 Qxa3 22. Rxc8 Rxc8 23. Qb7 Re8 24. Nd4 h6 25. Qd7 Rf8 26. Nc6 Bd3 27. Rd1 Bb5 28. Ne7+ Kh8 29. Qd6 Re8 30. Rd4 a5 31. bxa5 Qxd6 32.
Rxd6 Rxe7 33. Rb6 Bd3 34. a6 Ra7 35. Rb7 Rxa6 36. Rxf7 Kg8 37. Rf4 Rf6 38. Rd4 Bf5 39.
f3 Kf7 40. Kf2 Ke7 41. e4 Bg6 42. Rb4 Rd6 43. Rb7+ Rd7 44. Rb6 Ra7 45. g4 Bf7 46.
Kg3 Be6 47. h4 Kf7 48. h5 Ra3 49. Kf4 Rb3 50. Rc6 Rb4 51. Ke5 Rb5+ 52. Kd6 Ba2 53. Ra6 Rb2 54. f4 Rd2+ 55. Ke5 Bb1 56. Rb6 Rd1 57. Rb4 Re1 58. Kd5 Ba2+ 59. Kd6 Rd1+ 60. Kc5 Rb1 61. Ra4 Bb3 62. Ra7+ Kg8 63. g5 Rd1 64. g6 Kf8 65. f5 Rd2 66.
Kc6 Bc2 67. Kc5 Bxe4 0-1

[Event "Late-Titled-Tuesday-Blitz-November-28-2023"]
[Site "Chess.com"]
[Date "2023.11.28"]
[Round "2"]
[White "EvilMorty23"]
[Black "Teidi96"]
[Result "1-0"]
[WhiteElo "2483"]
[BlackElo "2260"]
[TimeControl "180+1"]
[EndTime "14:18:18 PST"]
[Termination "EvilMorty23 won by checkmate"]

1. e4 c5 2. Nf3 g6 3. c3 Bg7 4. d4 cxd4 5. cxd4 d5 6. e5 Bg4 7. Nbd2 Nc6 8. h3 Bxf3 9. Nxf3 e6 10. Bd3 Nge7 11. g4 a6 12. h4 b5 13. h5 Qb6 14.
Be3 Rc8 15. Rc1 Na5 16. b3 Nac6 17. Ng5 h6 18. hxg6 hxg5 19. gxf7+ Kxf7 20. Qf3+ Ke8 21. Rxh8+ Bxh8 22. Qh3 Kd7 23. Kf1 Nxd4 24. Rxc8 Bxe5 25.
Rc1 Bf4 26. Bxf4 gxf4 27. g5 Qa5 28. g6 Qd2 29. Re1 f3 30. Bb1 Qg5 31. Rd1 Ndf5 32.
Qxf3 Qxg6 33. Rc1 Qh6 34. Rd1 Qg5 35. a4 bxa4 36. bxa4 Nh4 37. Qh3 Qf4 38. Qb3 Nf3 39. Qb7+ Ke8 40. Qa8+ Kf7 41. Qh8 Qc4+ 42. Bd3 Qf4 43.
Be2 Nd2+ 44. Ke1 Ne4 45. Bh5+ Ng6 46. Qd4 Qf5 47. Bxg6+ Kxg6 48. Qe3 Kf7 49. Rb1 Qe5 50. f3 Qg3+ 51. Ke2 Qg2+ 52. Kd3 Nf6 53. Rb7+ Kg6 54. Rb8 Qf1+ 55. Qe2 Qa1 56. Qg2+ Kf7 57. Rb7+ Ke8 58. Qg6+ Kd8 59. Rb8+ Kc7 60. Rb3 Qa2 61. Rc3+ Kd6 62.
Qxf6 Qb1+ 63. Rc2 Qb3+ 64. Qc3 Qxa4 65. Qc7# 1-0